 Dungeon Crawl Stone Soup version 0.27-a0-448-gace5c5693b (webtiles) character file.

Game seed: 2765606410280224743

548 HoaS the Insei (level 6, -3/51 HPs)
             Began as a Demigod Gladiator on Feb 28, 2021.
             Slain by a killer bee (5 damage)
             ... on level 5 of the Dungeon.
             The game lasted 00:09:11 (5351 turns).

HoaS the Insei (Demigod Gladiator)                  Turns: 5351, Time: 00:09:12

Health: -3/51      AC: 15    Str: 19    XL:     6   Next: 78%
Magic:  8/8        EV: 10    Int: 10    God:
Gold:   238        SH:  0    Dex: 19    Spells: 5/5 levels left

rFire    . . .     SeeInvis .     - Unarmed
rCold    . . .     Faith    .   (no shield)
rNeg     . . .     Spirit   .   o - +0 chain mail
rPois    .         Reflect  .   b - +1 helmet
rElec    .         Harm     .   e - +0 cloak
rCorr    +         Rampage  .   l - +2 pair of gloves
Will     .....                  (no boots)
Stlth    ..........             (no amulet)
HPRegen  0.17/turn              n - ring of resist corrosion
MPRegen  0.11/turn              (no ring)

@: lethally poisoned (-3 -> -17), hasted (expiring), very quick
A: high mp 1
a: no special abilities


You were on level 5 of the Dungeon.
You visited 1 branch of the dungeon, and saw 5 of its levels.

You collected 238 gold pieces.

Inventory:

Missiles
 c - 2 throwing nets (quivered)
Armour
 b - a +1 helmet (worn)
 e - a +0 cloak (worn)
 l - a +2 pair of gloves (worn)
 o - a +0 chain mail (worn)
Jewellery
 h - a ring of fire
 n - a ring of resist corrosion (left hand)
Wands
 m - a wand of flame (15)
 p - a wand of paralysis (12)
 q - a wand of charming (12)
Scrolls
 d - 2 scrolls of fog
 f - a scroll of teleportation
 j - a scroll of magic mapping
 k - 2 scrolls of fear
 r - a scroll of blinking
Potions
 i - 2 potions of curing
 s - a potion of degeneration {unknown}
 t - a potion of flight {unknown}


   Skills:
 + Level 3.4 Fighting
 - Level 1.7 Throwing
 + Level 2.8 Armour
 + Level 4.1 Dodging
 * Level 5.0 Unarmed Combat


You had 5 spell levels left.
You didn't know any spells.
Your spell library contained the following spells:

 Spells                   Type           Power        Failure   Level
 Magic Dart               Conj           0%           99%         1
 Blink                    Tloc           N/A          100%        2
 Call Imp                 Summ           0%           100%        2
 Slow                     Hex            0%           100%        2
 Conjure Flame            Conj/Fire      0%           100%        3
 Mephitic Cloud           Conj/Pois/Air  0%           100%        3


Dungeon Overview and Level Annotations

Branches:
Dungeon (5/15)
 Temple: D:4-7


Innate Abilities, Weirdness & Mutations

You have an increased reservoir of magic. (+10% MP)


Message History

You feel much better.
The killer bee stings you but does no damage.
The giant cockroach closely misses you. The killer bee barely misses you.
The killer bee stings you.
You hit the killer bee.
The killer bee is almost dead.
The killer bee stings you.
You are poisoned.
The killer bee poisons you! The giant cockroach bites you.
The killer bee closely misses you.
You miss the killer bee.
The killer bee is almost dead.
You feel sick. The killer bee stings you.
You are more poisoned.
The killer bee poisons you!
The killer bee stings you but does no damage.
The giant cockroach bites you but does no damage.
You hit the killer bee but do no damage.
The killer bee is almost dead.
Your extra speed is starting to run out.
You feel sick.
The killer bee stings you but does no damage.
The killer bee stings you.
You are lethally poisoned!
The killer bee poisons you! The killer bee barely misses you.
You hit the killer bee.
You kill the killer bee!
* * * LOW HITPOINT WARNING * * *
You feel sick. The killer bee stings you.
* * * LOW HITPOINT WARNING * * *
The giant cockroach bites you.
* * * LOW HITPOINT WARNING * * *
The killer bee stings you but does no damage.
The killer bee stings you.
* * * LOW HITPOINT WARNING * * *
You barely miss the killer bee.
* * * LOW HITPOINT WARNING * * *
You feel sick. The giant cockroach misses you.
The killer bee closely misses you. The killer bee stings you.
You die...

#.. ....# #.. ....
....# #. ......
.... #. ......# ...
##. ... .....# ..
##.. .... ...# ##.#
#.#####..# ....
##(###B.#
#.......## .....
#....#@# #..####.#.
.....##....yy# .#
#... #..........##
..# ##...
####.....††.####..#
##....
#..###.....##..#
##...#. ##..#
##........###..##..
#..##
##......##...####.
##..#
##..........## #.
#..##
#..##.......###.


You could see 2 killer bees and a giant cockroach.

Vanquished Creatures
  A bullfrog (D:3)
  2 killer bees (D:5)
  A centaur zombie (D:2)
  A hound (D:5)
  Ijyb (D:3)
  A worker ant (D:4)
  6 orc wizards
  A hound skeleton (D:5)
  5 adders
  3 worms
  6 dart slugs
  5 orcs
  2 ball pythons
  5 giant cockroaches
  5 goblins
  3 hobgoblins
  6 jackals
  A ball python skeleton (D:4)
  3 bats
  4 frilled lizards
  3 kobolds
  8 rats
73 creatures vanquished.

Notes
Turn   | Place    | Note
-------+----------+-------------------------------------------
     0 | D:1      | HoaS the Demigod Gladiator began the quest for the Orb.
     0 | D:1      | Reached XP level 1. HP: 17/17 MP: 3/3
   448 | D:1      | Reached skill level 3 in Unarmed Combat
   448 | D:1      | Reached XP level 2. HP: 24/24 MP: 4/4
  1327 | D:2      | Reached skill level 1 in Armour
  1327 | D:2      | Reached XP level 3. HP: 25/29 MP: 5/5
  1370 | D:2      | Found a glowing silver altar of Zin.
  1533 | D:2      | Found a white marble altar of Elyvilon.
  1784 | D:2      | Reached XP level 4. HP: 21/37 MP: 6/6
  2000 | D:2      | Found a glowing golden altar of the Shining One.
  2846 | D:3      | Found a broken altar of Ashenzari.
  2928 | D:3      | Noticed a bullfrog
  2929 | D:3      | Noticed Ijyb
  2934 | D:3      | Killed a bullfrog
  2935 | D:3      | Reached skill level 4 in Unarmed Combat
  2935 | D:3      | Reached XP level 5. HP: 37/42 MP: 7/7
  2976 | D:3      | Killed Ijyb
  3857 | D:3      | Reached XP level 6. HP: 50/51 MP: 8/8
  5179 | D:5      | Entered Level 5 of the Dungeon
  5331 | D:5      | Reached skill level 5 in Unarmed Combat
  5345 | D:5      | HP: 1/51 [killer bee (3)]
  5351 | D:5      | HP: 2/51 [poisoned by a killer bee]
  5351 | D:5      | Slain by a killer bee

Illustrated notes

Levels and vault maps discovered:
D:1:      amcnicky_arrival_flooded_fountain, layout_loops_corners
D:2:      layout_basic, tso_oasis_becter, lemuel_crystal_altar,
          lemuel_coloured_pillars_altar, minmay_bisected
D:3:      layout_basic, overflow_temple_1_default, uniq_ijyb
D:4:      layout_layer_cave
D:5:      layout_layer_cave, minmay_temple_entry_butterflies,
          minmay_misc_feat_four_crosses

Skill      XL: |  1  2  3  4  5  6 |
---------------+-------------------+-----
Fighting       | 2 3 |  3.4
Unarmed Combat | 3 4 5 |  5.0
Dodging        | 3 4 |  4.1
Armour         | 1 2 |  2.8
Throwing       | |  1.7

Action                   |  1- 3 |  4- 6 || total
-------------------------+-------+-------++-------
Melee: Unarmed           |   176 |   278 ||   454
       Punch             |     4 |     4 ||     8
Throw: Throwing net      |       |     1 ||     1
  Use: Scroll            |     6 |     6 ||    12
       Potion            |       |     3 ||     3
Armor: Ring mail         |    58 |    68 ||   126
       Leather armour    |     2 |       ||     2
       Chain mail        |       |   130 ||   130
Dodge: Dodged            |    96 |   180 ||   276

Table legend: (Time is in decaauts)
 A = Elapsed time spent in this place.
 B = Non-inter-level travel time spent in this place.
 C = Inter-level travel time spent in this place.
 D = Time resting spent in this place.
 E = Time spent auto-exploring this place.
 F = Levels seen in this place.
 G = Mean time per level.
                   A        B        C        D        E       F      G
               +--------+--------+--------+--------+--------+-----+--------+
         Total |   5310 |   5157 |    153 |   1054 |   3259 |   5 | 1062.0 |
       Dungeon |   5310 |   5157 |    153 |   1054 |   3259 |   5 | 1062.0 |
               +--------+--------+--------+--------+--------+-----+--------+

Top non-repeatable levels by time:
     D:2: 1563 daAuts
     D:4: 1347 daAuts
     D:3: 1246 daAuts
     D:1: 997 daAuts
     D:5: 154 daAuts
